 Dungeon Crawl Stone Soup version 0.24.0-13-gcf9b319 (webtiles) character file.

Game seed: 4695260856727180997, levelgen mode: deterministic

190 Bronimir the Firebug (level 5, -14/49 HPs)
             Began as an Ogre Fire Elementalist on Mar 2, 2020.
             Was a Follower of Wu Jian.
             Demolished by an orc warrior
             ... wielding a +0 halberd
              (17 damage)
             ... on level 4 of the Dungeon.
             The game lasted 00:08:29 (3578 turns).

Bronimir the Firebug (Ogre Fire Elementalist)       Turns: 3578, Time: 00:08:30

Health: -14/49     AC:  3    Str: 13    XL:     5   Next: 69%
Magic:  4/9        EV: 10    Int: 16    God:    Wu Jian [*.....]
Gold:   116        SH:  0    Dex:  9    Spells: 4/10 levels left

rFire    . . .     SeeInvis .   v - +0 spear
rCold    . . .     Gourm    .   (no shield)
rNeg     . . .     Faith    .   i - +0 robe
rPois    .         Spirit   .   (helmet restricted)
rElec    .         Reflect  .   (no cloak)
rCorr    .         Harm     .   (gloves unavailable)
MR       .....                  (boots unavailable)
Stlth    +.........             (no amulet)
HPRegen  0.16/turn              (no ring)
MPRegen  0.11/turn              (no ring)

@: no status effects
A: large, unfitting armour, tough skin 1
a: Renounce Religion


You were on level 4 of the Dungeon.
You worshipped Wu Jian.
Wu Jian was aware of your devotion.
You were not hungry.

You visited 1 branch of the dungeon, and saw 4 of its levels.

You collected 116 gold pieces.

Inventory:

Hand Weapons
 a - a +0 halberd
 e - a +0 club
 m - a +0 whip
 n - a +1 hunting sling of flaming
 s - a +0 flail
 v - a +0 spear (weapon)
Missiles
 g - 22 sling bullets
 h - 77 stones
 l - 11 poisoned darts (quivered)
 q - 25 arrows
 t - 2 javelins
Armour
 i - a +0 robe (worn)
 u - a +0 large shield
Scrolls
 b - 3 scrolls of remove curse {unknown}
 j - 2 scrolls of random uselessness {unknown}
 o - a scroll of enchant weapon {unknown}
 p - 4 scrolls of identify {unknown}
Potions
 d - 3 potions of degeneration {unknown}
 f - 2 potions of haste {unknown}
 k - a potion of invisibility {unknown}
 r - a potion of heal wounds {unknown}
 w - a potion of berserk rage {unknown}
Comestibles
 c - 9 rations
 x - 3 chunks of flesh


   Skills:
 + Level 2.1 Fighting
 + Level 0.4 Maces & Flails
 + Level 1.0 Throwing
 + Level 2.1 Dodging
 - Level 1.4 Stealth
 * Level 0.1 Shields
 + Level 3.1 Spellcasting
 * Level 2.0 Conjurations
 * Level 4.2 Fire Magic


You had 4 spell levels left.
You knew the following spells:

 Your Spells              Type           Power        Failure   Level  Hunger
a - Flame Tongue          Conj/Fire      ##...        5%          1    #......
b - Throw Flame           Conj/Fire      ##....       8%          2    ##.....
c - Conjure Flame         Conj/Fire      ##......     16%         3    ###....

Your spell library contained the following spells:

 Spells                   Type           Power        Failure   Level  Hunger
 Inner Flame              Hex/Fire       #.......     24%         3    ###....
 Sticky Flame             Conj/Fire      ##......     45%         4    #####..
 Fireball                 Conj/Fire      ##........   82%         5    ######.


Dungeon Overview and Level Annotations

Branches:
Dungeon (4/15)
 Temple: D:4-7

Altars:
Wu Jian


Innate Abilities, Weirdness & Mutations

You are too large for most types of armour.
You have tough skin. (AC +1)


Message History

Okay, then.
The orc warrior hits you from afar with a +0 halberd!!
Casting: Flame Tongue (safe; 5% risk of failure)
Confirm with . or Enter, or press ? or * to list all spells.
Aiming: Flame Tongue (safe; 5% risk of failure)
Press: ? - help, Shift-Dir - straight line, f - orc warrior
Aim: an orc warrior, wielding a +0 halberd and wearing a +0 chain mail The flame tongue hits the orc warrior.
The orc warrior is lightly wounded.
The orc warrior hits you from afar with a +0 halberd!
* * * LOW HITPOINT WARNING * * *
Casting: Flame Tongue (safe; 5% risk of failure)
Confirm with . or Enter, or press ? or * to list all spells.
Aiming: Flame Tongue (safe; 5% risk of failure)
Press: ? - help, Shift-Dir - straight line, f/p - orc warrior
Aim: an orc warrior, wielding a +0 halberd and wearing a +0 chain mail (lightly wounded)
The flame tongue hits the orc warrior.
The orc warrior is lightly wounded.
The orc warrior hits you from afar with a +0 halberd!
You die...

#... #)) #.# #
####o#.##
#.####.......#
#..........#.#
########.###...#
#.<.####.# ####
#....@.o.#
#.).######
......## #######


You could see an orc warrior.

Vanquished Creatures
  7 gnolls
  3 adders
  An ooze (D:1)
  3 worms
  2 dart slugs
  2 leopard geckos
  2 orcs (D:4)
  2 ball pythons (D:2)
  3 giant cockroaches
  9 goblins
  11 hobgoblins
  6 jackals
  A quokka (D:3)
  5 bats
  5 frilled lizards
  5 kobolds
  11 rats
78 creatures vanquished.

Notes
Turn   | Place    | Note
-------+----------+-------------------------------------------
     0 | D:1      | Bronimir the Ogre Fire Elementalist began the quest for the
                  | Orb.
     0 | D:1      | Reached XP level 1. HP: 16/16 MP: 3/3
   113 | D:1      | Reached skill level 3 in Fire Magic
   113 | D:1      | Reached XP level 2. HP: 24/24 MP: 0/5
   169 | D:1      | Learned a level 2 spell: Throw Flame
   604 | D:1      | Reached skill level 1 in Conjurations
   604 | D:1      | Reached XP level 3. HP: 12/32 MP: 0/6
   607 | D:1      | Reached skill level 1 in Fighting
  1519 | D:2      | Learned a level 3 spell: Conjure Flame
  1698 | D:2      | Reached XP level 4. HP: 27/42 MP: 0/8
  2116 | D:2      | Reached skill level 1 in Throwing
  2137 | D:2      | Reached XP level 5. HP: 49/49 MP: 0/9
  2306 | D:2      | Found a faded altar of an unknown god.
  2403 | D:2      | Became a worshipper of the Wu Jian Council
  2403 | D:2      | Reached * piety under Wu Jian
  2628 | D:2      | Reached skill level 4 in Fire Magic
  3566 | D:4      | Noticed an orc warrior
  3578 | D:4      | Demolished by an orc warrior

Levels and vault maps discovered:
D:1:      dpeg_arrival_short_road, layout_basic
D:2:      layout_loops_corners, chequers_ecumenical_altar_twisty
D:3:      layout_rooms
D:4:      layout_loops_cross, minmay_temple_entry_enclosed_plants

Skill      XL: |  1  2  3  4  5 |
---------------+----------------+-----
Fire Magic     | 3 4 |  4.2
Dodging        | 2 |  2.1
Conjurations   | 1 2 |  2.0
Fighting       | 1 2 |  2.1
Throwing       | 1 |  1.0
Spellcasting   | 3 |  3.1
Maces & Flails | |  0.4
Stealth        | |  1.4
Shields        | |  0.1

Action                   |  1- 3 |  4- 6 || total
-------------------------+-------+-------++-------
Melee: Unarmed           |     5 |       ||     5
       Club              |    29 |       ||    29
       Whip              |    12 |    10 ||    22
       Spear             |       |    12 ||    12
Throw: Javelin           |     8 |    11 ||    19
       Stone             |     2 |       ||     2
       Dart              |       |    15 ||    15
 Cast: Flame Tongue      |    58 |    51 ||   109
       Throw Flame       |     4 |       ||     4
Invok: Lunge             |       |     1 ||     1
       Whirlwind         |       |     1 ||     1
  Eat: Chunk             |     3 |     6 ||     9
Armor: Robe              |    21 |     8 ||    29
Dodge: Dodged            |    43 |    28 ||    71
